 Dungeon Crawl Stone Soup version 0.28-a0-1159-g27aa881441 (webtiles) character file.

Game seed: 537319601326887455

1790 siradein the Caller (level 8, -4/52 HPs)
             Began as a Vampire Summoner on Dec 16, 2021.
             Shot with a sling bullet by Joseph (20 damage)
             ... on level 7 of the Dungeon.
             The game lasted 01:05:36 (8592 turns).

siradein the Caller (Vampire Summoner)              Turns: 8592, Time: 01:05:37

Health: -4/52      AC:  3    Str:  7    XL:     8   Next: 82%
Magic:  0/16       EV: 14    Int: 22    God:
Gold:   464        SH:  0    Dex: 14    Spells: 5/18 levels left

rFire   . . .      SeeInvis +   v - +0 long sword
rCold   + . .      Faith    .   (no shield)
rNeg    . . .      Spirit   +   q - +0 leather armour
rPois   .          Reflect  .   (no helmet)
rElec   .          Harm     .   (no cloak)
rCorr   +          Rampage  .   (no gloves)
Will    .....                   (no boots)
Stlth   ++........              g - amulet of guardian spirit
HPRegen 0.37/turn               a - ring of resist corrosion
MPRegen 0.15/turn               r - ring of protection from cold

@: healing quickly
A: alive, fangs 3, see invisible, vampiric 2, clever 1
a: Exsanguinate


You were on level 7 of the Dungeon.
You visited 1 branch of the dungeon, and saw 7 of its levels.

You collected 464 gold pieces.

Inventory:

Hand Weapons
 v - a +0 long sword (weapon)
Armour
 q - a +0 leather armour (worn)
Jewellery
 a - a ring of resist corrosion (left hand)
 g - an amulet of guardian spirit (around neck)
 r - a ring of protection from cold (right hand)
Wands
 p - a wand of flame (16)
 u - a wand of mindburst (20)
Scrolls
 b - a scroll of magic mapping
 h - 2 scrolls of teleportation
 i - 3 scrolls of immolation
 j - a scroll of fear {unknown}
 o - 2 scrolls of fog
 s - 2 scrolls of blinking
 x - a scroll of noise {unknown}
Potions
 c - 2 potions of cancellation
 d - a potion of mutation
 f - a potion of magic
 k - a potion of lignification
 l - a potion of haste {unknown}
 m - 2 potions of attraction {unknown}
 n - a potion of flight {unknown}
 t - 2 potions of might {unknown}
 w - a potion of invisibility {unknown}


   Skills:
 + Level 6.5 Dodging
 - Level 3.0 Stealth
 + Level 5.5 Spellcasting
 + Level 5.6 Hexes
 + Level 6.9 Summonings
 + Level 3.8 Air Magic


You had 5 spell levels left.
You knew the following spells:

 Your Spells              Type           Power      Damage    Failure   Level
a - Summon Small Mammal   Summ           100%       N/A       1%          1
b - Call Imp              Summ           36%        N/A       1%          2
c - Call Canine Familiar  Summ           36%        N/A       2%          3
d - Summon Guardian Gole  Hex/Summ       33%        N/A       3%          3
e - Summon Lightning Spi  Summ/Air       29%        N/A       16%         4

Your spell library contained the following spells:

 Spells                   Type           Power      Damage    Failure   Level
 Swiftness                Air            22%        N/A       9%          3
 Passwall                 Tmut/Erth      5%         N/A       22%         2
 Chain Lightning          Conj/Air       7%         3d9       100%        9
 Fire Storm               Conj/Fire      3%         8d1       100%        9
 Shatter                  Erth           3%         3d7*      100%        9


Dungeon Overview and Level Annotations

Branches:
Dungeon (7/15)
 Temple: D:4-7

Altars:
Cheibriados
Dithmenos
Gozag
Kikubaaqudgha
Qazlal
Sif Muna
Wu Jian

Shops:
D:1 *   D:5 (

Annotations:
D:6 3 runed translucent doors, karrick's ghost, novice GrFi
D:7 Joseph


Innate Abilities, Weirdness & Mutations

Your natural rate of healing is accelerated.
You have razor-sharp teeth.
You have supernaturally acute eyesight. (SInv)
You are afflicted with vampirism and can become a bat while bloodless.
Your mind is acute. (Int +2)


Message History

Confirm with . or Enter, or press ? or * to list all spells.
Joseph hits you with a +0 quarterstaff!
Your quokka barely misses Joseph.
You slash Joseph!
Joseph is heavily wounded.
Joseph barely misses you.
Your quokka bites Joseph but does no damage.
Joseph hits you with a +0 quarterstaff!
You are too injured to fight recklessly!
Unknown command.
You slash Joseph! Your bite misses Joseph.
Joseph is heavily wounded.
Your quokka bites Joseph.
Your rat bites Joseph.
Joseph closely misses your rat.
Your quokka barely misses Joseph.
You closely miss Joseph.
Joseph is severely wounded.
Your rat bites Joseph but does no damage.
Your quokka bites Joseph.
Joseph closely misses you.
Your rat barely misses Joseph.
Your quokka closely misses Joseph.
Joseph hits you with a +0 quarterstaff!!
* * * LOW HITPOINT WARNING * * *
You feel much better.
Your quokka bites Joseph but does no damage.
Your rat closely misses Joseph.
Joseph closely misses your quokka.
Your quokka bites Joseph but does no damage.
Your rat bites Joseph.
Joseph hits your quokka with a +0 quarterstaff!
Your quokka dies!
Your quokka's corpse disappears in a puff of smoke!
You slash Joseph!
Joseph is severely wounded.
Your rat closely misses Joseph.
Joseph hits you with a +0 quarterstaff!
Your rat bites Joseph but does no damage.
Joseph hits your rat with a +0 quarterstaff.
Your rat dies!
Your rat's corpse disappears in a puff of smoke!
Joseph shouts!
Your guardian golem disappears in a puff of smoke!
Joseph unwields a +0 quarterstaff.
Joseph wields a +0 hunting sling.
Joseph shoots a sling bullet.
The sling bullet hits you!!
You die...

##...# #.≈≈≈≈≈
#....##..≈≈≈≈≈
#........≈≈≈≈≈
.≈≈≈
#......#..≈≈≈≈
≈≈≈≈≈
####....§.§....≈≈
≈≈≈≈≈
#...#...@#.......
≈≈≈..
##......§##......
..... ####...8#
#####. #...
###@## #... #.##
#.. #..# ##. ##.#
# #.# #######
#.## ##.....####
#..# #.........#
###.[#
#.....<)...
##....##
#..........


You could see Joseph (ally target) and a friendly lightning spire (summoned).

Vanquished Creatures
  A sky beast (D:6)
  A kobold brigand (D:6)
  A bullfrog (D:2)
  A wight (D:7)
  A jelly (D:4)
  Terence (D:3)
  A scorpion zombie (D:3)
  The ghost of dang3rdave the Sneak, a weakling GrDe (D:3)
  5 gnolls
  4 adders
  A worm (D:5)
  2 dart slugs
  3 orcs
  3 ball pythons
  4 bats
  4 endoplasms
  A giant cockroach (D:4)
  9 goblins
  9 hobgoblins
  2 jackals (D:3)
  4 quokkas
  5 frilled lizards
  10 kobolds
  2 rats (D:2)
76 creatures vanquished.

Vanquished Creatures (collateral kills)
  A water moccasin (D:7)
  An ogre (D:5)
  2 ice beasts
  A necrophage (D:6)
  Blork the orc (D:4)
  A gnoll sergeant (D:6)
  A scorpion (D:4)
  A wight (D:7)
  A gnoll shaman (D:6)
  An orc priest (D:6)
  A hound (D:4)
  2 jellies
  Jessica (D:2)
  A bullfrog skeleton (D:6)
  2 iguanas
  An orc wizard (D:6)
  16 gnolls
  4 adders
  An adder skeleton (D:4)
  2 worms
  A dart slug (D:1)
  8 orcs
  3 ball pythons
  A bat (D:2)
  2 endoplasms (D:4)
  3 hobgoblins
  6 kobolds
  A quokka (D:1)
  4 goblins
  A rat (D:1)
72 creatures vanquished.

Vanquished Creatures (others)
  A wight (D:7)
  A gnoll (D:6)
2 creatures vanquished.

Grand Total: 150 creatures vanquished

Notes
Turn   | Place    | Note
-------+----------+-------------------------------------------
     0 | D:1      | siradein the Vampire Summoner began the quest for the Orb.
     0 | D:1      | Reached XP level 1. HP: 13/13 MP: 3/3
   261 | D:1      | Reached XP level 2. HP: 19/19 MP: 3/5
   311 | D:1      | Found a faded altar of an unknown god.
   386 | D:1      | Learned a level 2 spell: Call Imp
   865 | D:1      | Gained mutation: You are afflicted with vampirism and can
                  | become a bat while bloodless. [Vampire growth]
   865 | D:1      | Reached XP level 3. HP: 24/24 MP: 6/6
   881 | D:1      | Found Vuato's Assorted Antiques.
  1067 | D:2      | Found a stormy altar of Qazlal.
  1960 | D:2      | Noticed Jessica
  1971 | D:2      | Killed Jessica
  1972 | D:2      | Reached XP level 4. HP: 26/30 MP: 4/8
  2013 | D:2      | Learned a level 3 spell: Call Canine Familiar
  2299 | D:3      | Noticed Terence
  2376 | D:3      | Killed Terence
  2616 | D:3      | Reached XP level 5. HP: 35/35 MP: 6/9
  2802 | D:3      | Found a runed translucent gate.
  2803 | D:3      | Found a runed translucent gate.
  2803 | D:3      | Found an opulent altar of Gozag.
  2804 | D:3      | Found a runed translucent gate.
  2811 | D:3      | Noticed dang3rdave's ghost (weakling GrDe)
  2950 | D:3      | Reached skill level 5 in Summonings
  3313 | D:3      | Reached XP level 6. HP: 37/41 MP: 7/11
  3878 | D:3      | Killed dang3rdave's ghost
  4044 | D:4      | Learned a level 3 spell: Summon Guardian Golem
  4049 | D:4      | Learned a level 4 spell: Summon Lightning Spire
  4293 | D:4      | Reached skill level 1 in Hexes
  4441 | D:4      | Noticed Blork the orc
  4478 | D:4      | Killed Blork the orc
  4479 | D:4      | Reached skill level 5 in Dodging
  4479 | D:4      | Reached skill level 1 in Air Magic
  4479 | D:4      | Reached XP level 7. HP: 44/46 MP: 2/13
  4870 | D:4      | Found a shadowy altar of Dithmenos.
  5080 | D:4      | Found an ancient bone altar of Kikubaaqudgha.
  5256 | D:4      | Found a shimmering blue altar of Sif Muna.
  5657 | D:5      | Entered Level 5 of the Dungeon
  6016 | D:5      | Gained mutation: Your mind is acute. (Int +2) [potion of
                  | mutation]
  6161 | D:5      | Found Yrrelot's Weapon Shoppe.
  6260 | D:5      | Found a snail-covered altar of Cheibriados.
  6640 | D:6      | Reached XP level 8. HP: 38/52 MP: 5/15
  6890 | D:6      | Reached skill level 5 in Spellcasting
  7306 | D:6      | Found an ornate altar of the Wu Jian Council.
  7382 | D:6      | Found a runed translucent gate.
  7382 | D:6      | Found a runed translucent gate.
  7382 | D:6      | Found a runed translucent gate.
  7382 | D:6      | Noticed karrick's ghost (novice GrFi)
  7715 | D:6      | Reached skill level 5 in Hexes
  8206 | D:7      | Noticed Joseph
  8592 | D:7      | Shot with a sling bullet by Joseph

Illustrated notes

Levels and vault maps discovered:
D:1:      heliophobic_arrival_glass_houses, layout_loops_ring,
          hellmonk_ecumenical_altar_crossroads, serial_shops,
          nicolae_shop_hallway_stairs, chequers_serial_rivers_room_b
D:2:      cheibrodos_old_hovel, layout_basic, basic_altar, dk_noncrumbling_2,
          uniq_jessica
D:3:      minmay_bubble_buster, layout_basic, ebering_ghost_gozag,
          minmay_distorted, uniq_terence
D:4:      layout_basic, general_overflow_altar, kiku_gazebo_garden_becter,
          nicolae_dithmenos_shadow_blocks, uniq_blork_the_orc
D:5:      layout_cave_pools, cheibrodos_worm_habitat, serial_shops,
          nicolae_shop_stone
D:6:      layout_cave_pools, nzn_wu_jian_contemplation,
          gammafunk_ghost_necromancy, serial_bayou_pond_a
D:7:      layout_cave_pods, temple_pool_b, nicolae_elemental_shop, uniq_pikel,
          uniq_maggie, uniq_joseph

Skill      XL: |  1  2  3  4  5  6  7  8 |
---------------+-------------------------+-----
Dodging        | 3 4 5 6 |  6.5
Spellcasting   | 3 4 5 |  5.5
Summonings     | 5 6 |  6.9
Hexes          | 1 3 5 |  5.6
Air Magic      | 1 2 3 |  3.8
Stealth        | |  3.0

Action                   |  1- 3 |  4- 6 |  7- 9 || total
-------------------------+-------+-------+-------++-------
Melee: Short sword       |   113 |   240 |    39 ||   392
       Unarmed           |     6 |       |       ||     6
       Bite              |     7 |    23 |    13 ||    43
       Rapier            |       |       |   130 ||   130
       Long sword        |       |       |     6 ||     6
 Cast: Summon Small Mamm |    10 |       |     5 ||    15
       Call Imp          |     3 |    25 |    24 ||    52
       Call Canine Famil |       |     6 |    24 ||    30
       Summon Guardian G |       |       |    10 ||    10
       Summon Lightning  |       |       |     5 ||     5
  Use: Scroll            |       |       |    11 ||    11
       Potion            |       |       |     2 ||     2
 Stab: Sleeping          |     1 |     1 |     2 ||     4
       Distracted        |       |     1 |       ||     1
Armor: Robe              |    24 |       |       ||    24
       Ring mail         |     2 |    97 |     4 ||   103
       Leather armour    |       |       |    15 ||    15
Dodge: Dodged            |    90 |   185 |   113 ||   388

Table legend: (Time is in decaauts)
 A = Elapsed time spent in this place.
 B = Non-inter-level travel time spent in this place.
 C = Inter-level travel time spent in this place.
 D = Time resting spent in this place.
 E = Time spent auto-exploring this place.
 F = Levels seen in this place.
 G = Mean time per level.
                   A        B        C        D        E       F      G
               +--------+--------+--------+--------+--------+-----+--------+
         Total |   8674 |   8526 |    148 |    861 |   5416 |   7 | 1239.1 |
       Dungeon |   8674 |   8526 |    148 |    861 |   5416 |   7 | 1239.1 |
               +--------+--------+--------+--------+--------+-----+--------+

Top non-repeatable levels by time:
     D:4: 1776 daAuts
     D:3: 1498 daAuts
     D:2: 1464 daAuts
     D:6: 1324 daAuts
     D:5: 1082 daAuts
     D:1: 1071 daAuts
     D:7: 457 daAuts
